Map: Divergence LE

Players

Louie

  • Race: Terran Terran
  • League: Gold
  • Spawn Location: 5:00

IMGsaibh

  • Race: Protoss Protoss
  • League: Diamond
  • Spawn Location: 5:00

Massa - Winner!

  • Race: Terran Terran
  • Spawn Location: 11:00

qqq - Winner!

  • Race: Zerg Zerg
  • Spawn Location: 11:00

VOD

Have the link to the VOD?

Description

Time

  • Played on: June 19, 2020, 5:31 p.m.
  • Length: 4:38
Show
View Real Time Build Order
Export as new Build Order

Louie Terran 

Build Orders:  

Get SALT Encoding   

  12  0:01  SCV  
  13  0:16  SCV  
  13  0:20  Supply Depot  
  14  0:28  SCV  
  15  0:41  SCV  
  16  0:43  Barracks  
  16  0:50  Refinery  
  16  0:53  SCV  
  17  1:31  SCV  
  18  1:40  Refinery  
  18  1:49  Command Center  
  18  1:53  Marine  
  19  2:02  Supply Depot  
  19  2:06  Orbital Command  
  19  2:13  Barracks  
  19  2:26  Bunker  
  19  2:30  Marine  
  20  2:41  SCV  
  22  2:58  SCV  
  22  3:00  Supply Depot  
  22  3:04  Bunker  
  22  3:05  Marine  
  23  3:10  SCV  
  24  3:22  SCV  
  24  3:25  Marine  
  26  3:31  SCV  
  27  3:36  SCV  
  28  4:11  Marine x2  
Show
View Real Time Build Order
Export as new Build Order

IMGsaibh Protoss 

Build Orders: Nexus First 

Get SALT Encoding   

  12  0:00  Probe  
  13  0:13  Probe  
  14  0:17  Pylon  
  14  0:28  Probe  
  15  0:36  Probe  
  16  0:48  Probe  
  17  1:01  Nexus  
  17  1:20  Probe  
  17  1:22  Gateway  
  17  1:24  Assimilator  
  18  1:28  Probe  
  19  1:33  Assimilator  
  19  1:36  Probe  
  19  1:42  Pylon  
  20  1:48  Probe  
  21  2:00  Probe  
  22  2:12  Probe, Cybernetics Core  
  22  2:13  Probe  
  24  2:23  Probe  
  24  2:24  Probe  
  26  2:31  Probe, Assimilator  
  26  2:32  Probe  
  28  2:39  Probe  
  28  2:40  Probe  
  30  2:50  Probe  
  31  2:57  Probe  
  32  2:59  Stargate  
  32  3:03  Probe  
  33  3:06  Assimilator  
  33  3:09  Probe  
  34  3:14  Pylon  
  34  3:15  Probe  
  35  3:21  Probe  
  36  3:27  Probe  
  36  3:28  Void Ray  
  36  3:33  Probe  
  38  3:39  Probe  
  39  3:45  Probe  
  44  3:51  Probe, Pylon  
  45  3:56  Fleet Beacon  
  45  3:57  Probe  
  46  4:03  Probe  
  47  4:10  Probe  
  47  4:12  Stargate  
  47  4:13  Pylon  
  47  4:14  Stargate  
Show
View Real Time Build Order
Export as new Build Order

Massa Terran - Winner!

Build Orders:  

Get SALT Encoding   

  12  0:13  SCV, Supply Depot  
  13  0:25  SCV  
  14  0:37  Barracks  
  14  0:38  SCV  
  15  0:51  SCV  
  16  1:03  SCV  
  17  1:26  SCV  
  17  1:31  Supply Depot  
  18  1:38  SCV, Marine  
  20  1:41  Supply Depot  
  20  1:49  Barracks  
  20  1:50  SCV  
  20  1:53  Barracks  
  21  1:55  Barracks, Marine  
  22  2:13  Marine  
  23  2:27  Supply Depot  
  23  2:28  Supply Depot  
  23  2:31  Refinery, Marine  
  24  2:37  Marine  
  24  2:40  Marine  
  24  2:43  Marine  
  27  2:49  Marine  
  28  2:51  Supply Depot  
  28  2:54  Orbital Command  
  28  2:57  Marine  
  28  2:58  Marine  
  30  3:01  Marine  
  31  3:07  Marine  
  32  3:15  Marine  
  32  3:19  Marine x2  
  35  3:24  Marine  
  36  3:33  Marine, Supply Depot  
  37  3:38  Marine x2  
  39  3:42  Marine  
  40  3:51  Marine  
  41  3:56  Marine x2  
  41  4:00  Marine  
  41  4:02  Supply Depot  
  44  4:09  Marine  
  45  4:14  Marine x2  
  47  4:18  Marine  
Show
View Real Time Build Order
Export as new Build Order

qqq Zerg - Winner!

Build Orders: Hatch First 

Get SALT Encoding   

  12  0:05  Drone  
  13  0:08  Drone  
  14  0:38  Hatchery  
  13  0:52  Spawning Pool  
  12  0:57  Overlord  
  12  1:01  Drone  
  13  1:06  Drone  
  14  1:16  Drone  
  15  1:19  Extractor  
  15  1:23  Drone  
  15  1:33  Drone  
  15  1:39  Queen  
  16  1:43  Drone  
  19  1:51  Drone  
  20  1:57  Queen  
  20  1:59  Zergling x2  
  23  2:02  Drone  
  23  2:04  Zergling x2  
  25  2:13  Drone  
  25  2:15  Overlord  
  26  2:25  Zergling x2  
  26  2:26  Zergling x2  
  28  2:35  Metabolic Boost  
  28  2:36  Zergling x2  
  29  2:38  Drone  
  30  2:45  Drone  
  30  2:46  Zergling x2  
  32  2:55  Zergling x6  
  35  3:02  Zergling x2  
  35  3:04  Overlord  
  36  3:06  Overlord  
  36  3:19  Overlord  
  36  3:24  Zergling x6  
  36  3:26  Zergling x2  
  40  3:36  Zergling x6  
  40  3:38  Zergling x2  
  44  3:45  Zergling x2  
  44  3:46  Drone  
  44  3:47  Drone, Zergling x2  
  48  3:55  Zergling x2  
  48  4:01  Roach Warren  
  48  4:04  Zergling x4  
  48  4:05  Drone  
Tags
 
Add a new tag
Caveats
  • Supply blocks, unpowered buildings, or Contaminate may cause inaccurate times.
  • Supply counts are checked every 10 seconds.